 Dungeon Crawl Stone Soup version 0.25.1-2-g60ff931df9 (webtiles) character file.

Game seed: 5512437394083142604

549 MajorAdolf the Skirmisher (level 7, -1/67 HPs)
             Began as a Naga Wanderer on Oct 6, 2020.
             Slain by an orc
             ... wielding a +0 club
              (4 damage)
             ... on level 5 of the Dungeon.
             The game lasted 00:06:28 (4427 turns).

MajorAdolf the Skirmisher (Naga Wanderer)           Turns: 4427, Time: 00:06:28

Health: -1/67      AC:  3    Str: 17    XL:     7   Next: 28%
Magic:  7/7        EV: 10    Int: 11    God:
Gold:   168        SH:  0    Dex: 11    Spells: 5/6 levels left

rFire    . . .     SeeInvis +   x - +2 dagger (venom)
rCold    . . .     Gourm    .   (no shield)
rNeg     . . .     Faith    .   c - +0 robe
rPois    +         Spirit   .   (no helmet)
rElec    .         Reflect  .   (no cloak)
rCorr    .         Harm     .   (no gloves)
MR       .....                  (no barding)
Stlth    ++........             m - amulet of magic regeneration
HPRegen  0.21/turn              (no ring)
MPRegen  0.35/turn              (no ring)

@: very slow
A: large, see invisible, deformed body, poison resistance, slowness 2, slow
metabolism 1, spit poison 1, AC +2
a: Spit Poison


You were on level 5 of the Dungeon.
You were not hungry.

You visited 1 branch of the dungeon, and saw 5 of its levels.

You collected 168 gold pieces.

Inventory:

Hand Weapons
 a - a +3 spear
 e - a +3 short sword
 i - a +0 war axe
 x - a +2 dagger of venom (weapon)
Armour
 c - a +0 robe (worn)
Jewellery
 m - an amulet of magic regeneration (around neck)
 n - an uncursed amulet of reflection {unknown}
 t - an uncursed ring of poison resistance {unknown}
 u - a +6 ring of dexterity {unknown}
Scrolls
 f - 2 scrolls of amnesia
 h - a scroll of immolation
 v - a scroll of remove curse
 y - a scroll of teleportation
Potions
 b - a potion of mutation {unknown}
 g - a potion of cancellation {unknown}
 j - a potion of haste {unknown}
 k - 3 potions of brilliance {unknown}
 l - a potion of invisibility {unknown}
 o - 2 potions of curing {unknown}
 p - a potion of degeneration {unknown}
 s - a potion of heal wounds {unknown}
 w - a potion of stabbing {unknown}
Comestibles
 d - 6 rations
 q - 5 chunks of flesh


   Skills:
 + Level 5.3 Fighting
 + Level 4.1(4.6) Axes
 - Level 3.0(4.0) Polearms
 + Level 2.6 Dodging
 - Level 1.5 Stealth
   Level 2.0 Summonings
 - Level 1.0 Ice Magic
   Level 1.0 Evocations


You had 5 spell levels left.
You knew the following spells:

 Your Spells              Type           Power        Failure   Level  Hunger
a - Freeze                Ice            #...         24%         1    ##.....

Your spell library contained the following spells:

 Spells                   Type           Power        Failure   Level  Hunger
 Ozocubu's Armour         Chrm/Ice       #.......     65%         3    ####...


Dungeon Overview and Level Annotations

Branches:
Dungeon (5/15)
 Temple: D:4-7

Altars:
Vehumet
Zin

Shops:
D:4 (

Annotations:
D:4 exclusion: downstairs, Edmund


Innate Abilities, Weirdness & Mutations

You cannot wear boots.
Your serpentine skin is tough. (AC +2)
You have supernaturally acute eyesight. (SInv)
Armour fits poorly on your strangely shaped body.
Your system is resistant to poisons. (rPois)
You cover ground very slowly.
You have a slow metabolism.
You can spit poison.


Message History

The orc hits you but does no damage.
Unknown command.
You hit the orc.
The orc is heavily wounded.
You kill the orc priest!
The orc hits you but does no damage. x2; The orc closely misses you.
You closely miss the orc.
The orc is heavily wounded.
The orc hits you with a +0 flail!
* * * LOW HITPOINT WARNING * * *
The orc closely misses you. The orc barely misses you.
Unknown command.
You hit the orc.
The orc is heavily wounded.
The orc hits you with a +0 flail!
* * * LOW HITPOINT WARNING * * *
The orc hits you with a +0 mace.
* * * LOW HITPOINT WARNING * * *
The orc hits you with a +0 club.
You die...

##########
#.........
#.o)......
+.@)......
#.oo......
###+#####+


You could see 3 orcs.

Vanquished Creatures
  Eustachio (D:3)
  An ogre (D:4)
  A crimson imp (D:5)
  2 orc priests (D:5)
  A hound (D:4)
  3 worker ants (D:4)
  4 adders (D:3)
  A worm (D:3)
  2 dart slugs
  2 leopard geckos (D:2)
  10 bats
  4 giant cockroaches
  8 goblins
  9 hobgoblins
  14 jackals
  11 kobolds
  4 quokkas
  3 ball pythons
  8 frilled lizards
  7 rats
96 creatures vanquished.

Notes
Turn   | Place    | Note
-------+----------+-------------------------------------------
     0 | D:1      | MajorAdolf the Naga Wanderer began the quest for the Orb.
     0 | D:1      | MajorAdolf set off with the following items: a +2 spear, a
                  | +0 robe, a ration; and the following spell memorised:
                  | Freeze; and the following spells available to memorise:
                  | Ozocubu's Armour
     0 | D:1      | Reached XP level 1. HP: 19/19 MP: 1/1
    83 | D:1      | Reached XP level 2. HP: 27/27 MP: 2/2
   490 | D:1      | Reached skill level 3 in Fighting
   745 | D:1      | Reached XP level 3. HP: 34/34 MP: 3/3
   831 | D:1      | Found a glowing silver altar of Zin.
  1552 | D:2      | Reached skill level 4 in Fighting
  2064 | D:3      | Found a radiant altar of Vehumet.
  2067 | D:3      | Reached XP level 4. HP: 44/44 MP: 4/4
  2222 | D:3      | Reached skill level 1 in Axes
  3146 | D:3      | Reached XP level 5. HP: 47/50 MP: 5/5
  3496 | D:4      | Found Ziusappo's Antique Weapon Boutique.
  3677 | D:4      | Noticed an ogre
  3738 | D:4      | Reached skill level 1 in Dodging
  3746 | D:4      | Noticed Eustachio
  3749 | D:4      | Noticed Edmund
  3930 | D:5      | Entered Level 5 of the Dungeon
  3939 | D:5      | Reached XP level 6. HP: 51/58 MP: 6/6
  4115 | D:3      | Killed Eustachio
  4263 | D:4      | Reached skill level 5 in Fighting
  4263 | D:4      | Reached XP level 7. HP: 49/67 MP: 7/7
  4427 | D:5      | HP: 3/67 [orc/+0 mace (4)]
  4427 | D:5      | Slain by an orc

Illustrated notes

Levels and vault maps discovered:
D:1:      sevenhm_arrival_forest_fort_small_6, layout_loops_ring, minmay_vboxes
D:2:      layout_basic, first_ration
D:3:      layout_basic, lemuel_crystal_altar
D:4:      layout_rooms, serial_shops, shop, minmay_misc_feat_room, uniq_edmund,
          uniq_eustachio
D:5:      layout_gridville, uniq_ijyb

Skill      XL: |  1  2  3  4  5  6  7 |
---------------+----------------------+-----
Fighting       | 3 4 5 |  5.3
Axes           | 2 3 4 |  4.1
Dodging        | 1 2 |  2.6
Polearms       | |  3.0
Stealth        | |  1.5
Summonings     | |  2.0
Ice Magic      | |  1.0
Evocations     | |  1.0

Action                   |  1- 3 |  4- 6 |  7- 9 || total
-------------------------+-------+-------+-------++-------
Melee: Spear             |   121 |    42 |       ||   163
       Dagger            |       |    95 |    22 ||   117
 Abil: Spit Poison       |     1 |     6 |       ||     7
  Use: Scroll            |     5 |     3 |       ||     8
 Stab: Sleeping          |     3 |     4 |       ||     7
       Distracted        |     1 |     1 |       ||     2
  Eat: Chunk             |     3 |     4 |     2 ||     9
Armor: Robe              |    14 |    33 |     5 ||    52
Dodge: Dodged            |    32 |    81 |    26 ||   139
